 Dungeon Crawl Stone Soup version 0.22-a0-247-gbddf880 (webtiles) character file.

38 varam the Skirmisher (level 3, -6/31 HPs)
             Began as a Draconian Wanderer on Feb 23, 2018.
             Mangled by a gnoll (9 damage)
             ... on level 2 of the Dungeon.
             The game lasted 00:02:57 (979 turns).

varam the Skirmisher (Draconian Wanderer)            Turns: 979, Time: 00:02:57

Health: -6/31      AC:  5    Str: 13    XL:     3   Next: 25%
Magic:  7/7        EV: 12    Int: 13    God:
Gold:   69         SH:  0    Dex: 11    Spells: 8/8 levels left

rFire    . . .     SeeInvis .   a - +2 dagger
rCold    . . .     Gourm    .   (no shield)
rNeg     . . .     Faith    .   (armour unavailable)
rPois    .         Spirit   .   (helmet restricted)
rElec    .         Reflect  .   (no cloak)
rCorr    .         Harm     .   (no gloves)
MR       .....                  (no boots)
Stlth    +.........             (no amulet)
HPRegen  0.10/turn              (no ring)
MPRegen  0.10/turn              (no ring)

@: no status effects
A: unfitting armour, cold-blooded, AC +5
a: no special abilities


You were on level 2 of the Dungeon.
You were not hungry.

You visited 1 branch of the dungeon, and saw 2 of its levels.

You collected 69 gold pieces.

Inventory:

Hand Weapons
 a - a +2 dagger (weapon)
 c - a +0 hand crossbow
 k - a +0 hunting sling
Missiles
 d - 42 bolts
 e - 50 stones (quivered)
Scrolls
 b - a scroll of fear
 i - a scroll of amnesia {unknown}
 l - a scroll of immolation {unknown}
 m - a scroll of remove curse {unknown}
 n - a scroll of magic mapping {unknown}
 o - a scroll of fog {unknown}
 p - a scroll of teleportation {unknown}
Potions
 h - 2 potions of agility {unknown}
 j - a potion of haste {unknown}
Comestibles
 f - 3 rations
 g - 2 chunks of flesh


   Skills:
 + Level 3.2 Fighting
 - Level 2.6 Crossbows
 + Level 1.7 Dodging
 - Level 1.0 Stealth
 - Level 3.0 Spellcasting
   Level 1.0 Evocations


You had 8 spell levels left.
You didn't know any spells.

Dungeon Overview and Level Annotations

Branches:
Dungeon (2/15)

Altars:


Innate Abilities, Weirdness & Mutations

Your plain brown scales are hard. (AC +5)
You cannot fit into any form of body armour.
You are cold-blooded and may be slowed by cold attacks.


Message History

You barely miss the gnoll.
The gnoll is moderately wounded.
The gnoll hits you but does no damage.
You hit the gnoll.
The gnoll is heavily wounded.
The gnoll hits you!
You barely miss the gnoll.
The gnoll is heavily wounded.
The gnoll hits you.
You hit the gnoll.
Your tail-slap misses the gnoll.
The gnoll is severely wounded.
The gnoll barely misses you.
You hit the gnoll.
The gnoll is severely wounded.
The gnoll hits you!
* * * LOW HITPOINT WARNING * * *
You barely miss the gnoll.
The gnoll is severely wounded.
The gnoll hits you!
You die...

#..# #.# #..# #.#
#..## #.#
######...###.#
#.....<...##รท#
#.##.......#.#####
#.###....#........
#.# #....).#######
#@# #...#.## # #g#
#..##.# # #.#
#..##.# # #.#
#..##.######## #.#
#............. #.#
#.###..######. #.#
#.# ##.# #. #.#
#.# #.# #. #.# #.
#.# #.


You could see a gnoll.

Vanquished Creatures
  A worm (D:2)
  2 leopard geckos (D:1)
  3 giant cockroaches (D:1)
  3 goblins (D:1)
  4 hobgoblins (D:1)
  2 jackals (D:1)
  7 kobolds
  A quokka (D:2)
  3 bats (D:1)
  3 rats
29 creatures vanquished.

Notes
Turn   | Place    | Note
-------+----------+-------------------------------------------
     0 | D:1      | varam the Draconian Wanderer began the quest for the Orb.
     0 | D:1      | varam set off with: a +2 dagger, a scroll of fear, a +0 hand crossbow, 23 bolts, a ration
     0 | D:1      | Reached XP level 1. HP: 17/17 MP: 4/4
   213 | D:1      | Reached skill level 1 in Dodging
   213 | D:1      | Reached XP level 2. HP: 14/25 MP: 6/6
   440 | D:1      | Reached skill level 3 in Fighting
   627 | D:1      | Reached XP level 3. HP: 31/31 MP: 7/7
   978 | D:2      | HP: 3/31 [gnoll (7)]
   979 | D:2      | Mangled by a gnoll

Vault maps used:
D:1:      lightli_arrival_farm
D:2:      first_ration

Skill      XL: |  1  2 |
---------------+-------+-----
Dodging        | 1 |  1.7
Fighting       | 3 |  3.2
Crossbows      | |  2.6
Stealth        | |  1.0
Spellcasting   | |  3.0
Evocations     | |  1.0

Action                   || total
-------------------------++-------
Melee: Dagger            ||   108
       Tailslap          ||    11
 Stab: Sleeping          ||     2
Armor: Skin              ||    27
Dodge: Dodged            ||    58

Table legend:
 A = Spawn XP
 B = Non-spawn XP
 C = Spawn XP percentage of total XP
 D = Spawn monster count
 E = Non-spawn monster count
 F = Spawn count percentage of total count
 G = Total turns spent on level
                    A         B        C        D         E        F      G
               +---------+---------+-------+---------+---------+-------+---------
         Total |       0 |      55 |   0.0 |       0 |      29 |   0.0 |   979
               +---------+---------+-------+---------+---------+-------+---------
           D:1 |       0 |      46 |   0.0 |       0 |      25 |   0.0 |   859
           D:2 |       0 |       9 |   0.0 |       0 |       4 |   0.0 |   120
               +---------+---------+-------+---------+---------+-------+---------
